 Dungeon Crawl Stone Soup version 0.19.5 (webtiles) character file.

156 Megalobster the Conjurer (level 5, -1/28 HPs)
             Began as a Deep Elf Conjurer on Apr 19, 2017.
             Slain by miragecloak's ghost (16 damage)
             ... on level 3 of the Dungeon.
             The game lasted 00:21:53 (3559 turns).

Megalobster the Conjurer (Deep Elf Conjurer)        Turns: 3559, Time: 00:21:54

Health: -1/28      AC:  6    Str:  5    XL:     5   Next: 15%
Magic:  20/28      EV: 13    Int: 21    God:
Gold:   134        SH:  0    Dex: 15    Spells: 4 memorised, 1 level left

rFire  . . .     SeeInvis .     a - staff of power
rCold  . . .     Gourm    .     e - +0 robe
rNeg   . . .     Faith    .     (no shield)
rPois  .         Spirit   .     s - +2 helmet
rElec  .         Reflect  .     (no cloak)
rCorr  .         Harm     .     (no gloves)
MR     .....                    (no boots)
Stlth  ++........               (no amulet)
                                (no ring)
                                i - +1 ring of protection

@: no status effects
A: no striking features
a: no special abilities


You were on level 3 of the Dungeon.
You were not hungry.

You visited 1 branch of the dungeon, and saw 3 of its levels.

You collected 134 gold pieces.

Inventory:

Hand Weapons
 b - a +0 hunting sling of freezing
 q - a +0 dagger of holy wrath
 x - a +0 dagger
 z - a +0 hunting sling
Missiles
 d - 77 stones (quivered)
 k - 56 sling bullets
Armour
 e - a +0 robe (worn)
 s - a +2 helmet (worn)
Magical Staves
 a - an uncursed staff of power (weapon)
Jewellery
 i - a +1 ring of protection (left hand)
Scrolls
 f - a scroll of magic mapping {unknown}
 g - 4 scrolls of remove curse {unknown}
 h - 2 scrolls of teleportation {unknown}
 l - a scroll of enchant weapon {unknown}
 m - 3 scrolls of identify {unknown}
 r - a scroll of recharging {unknown}
 y - a scroll of enchant armour {unknown}
Potions
 j - 2 potions of heal wounds {unknown}
 n - a potion of lignification {unknown}
 w - a potion of curing {unknown}
 A - a potion of ambrosia {unknown}
Books
 t - a book of Conjurations

   Spells                             Type                      Level
   a - Magic Dart                     Conjuration                  1
   b - Searing Ray                    Conjuration                  2
   c - Dazzling Spray                 Conjuration/Hexes            3
   d - Fulminant Prism                Conjuration/Hexes            4
   e - Iskenderun's Mystic Blast      Conjuration                  4
   f - Iskenderun's Battlesphere      Conjuration/Charms           5
Comestibles
 c - 2 bread rations
 o - a slice of pizza
 p - 4 chunks of flesh
 u - a fruit
 v - a beef jerky


   Skills:
 - Level 2.4 Dodging
 - Level 2.4 Stealth
 + Level 4.4 Spellcasting
 + Level 6.4 Conjurations
 * Level 1.3 Charms


You had one spell level left.
You knew the following spells:

 Your Spells              Type           Power        Failure   Level  Hunger
a - Magic Dart            Conj           ####         1%          1    None
b - Searing Ray           Conj           ####..       1%          2    #......
c - Dazzling Spray        Conj/Hex       ###...       12%         3    ##.....
d - Iskenderun's Battles  Conj/Chrm      ###.....     78%         5    ######.


Dungeon Overview and Level Annotations

Branches:
Dungeon (3/15)

Altars:
Fedhas
Hepliaklqana
Okawaru
Sif Muna
The Shining One

Annotations:
D:3 miragecloak's ghost, amateur HOFi


Message History

The searing ray hits miragecloak's ghost.
Miragecloak's ghost is moderately damaged.
The searing ray hits miragecloak's ghost.
Miragecloak's ghost is heavily damaged.
You finish channeling your searing ray.
Miragecloak's ghost says, "What do you have that I didn't have?"
Miragecloak's ghost closely misses you.
Casting: Searing Ray
Confirm with . or Enter, or press ? or * to list all spells.
Aiming: Searing Ray
Press: ? - help, Shift-Dir - straight line, f/p - miragecloak's ghost
Aim: miragecloak's ghost (heavily damaged)
The searing ray hits miragecloak's ghost.
Miragecloak's ghost is heavily damaged. (Press . to maintain the ray.) Miragecloak's ghost hits you!
The searing ray misses miragecloak's ghost.
Miragecloak's ghost hits you!
Ouch! That really hurt!
You die...

.. ..######### #########
........... #.......#########
.........## #.......##......#
..........## '.......##......#
#...........
#.......##......######...........
................@W.....).........
.)......#######............>.[...
#.......# #..................
........#######...............###
.................................
.#.############..............)###
.....# #...)........####.. .....#
#............# #.) .....#
#......####### #..


You could see miragecloak's ghost.

Vanquished Creatures
  Robin (D:2)
  5 adders
  2 oozes
  2 worms (D:2)
  2 leopard geckos
  An orc (D:2)
  2 giant cockroaches
  17 goblins
  13 hobgoblins
  3 jackals (D:2)
  2 quokkas (D:2)
  2 ball pythons (D:2)
  8 bats
  5 frilled lizards
  6 kobolds
  13 rats
84 creatures vanquished.

Notes
Turn   | Place    | Note
-------+----------+-------------------------------------------
     0 | D:1      | Megalobster the Deep Elf Conjurer began the quest for the Orb.
     0 | D:1      | Reached XP level 1. HP: 10/10 MP: 6/6
   279 | D:1      | Reached XP level 2. HP: 15/15 MP: 2/8
   283 | D:1      | Learned a level 2 spell: Searing Ray
   536 | D:1      | Reached skill level 5 in Conjurations
  1114 | D:2      | Found a hazy altar of Hepliaklqana.
  1130 | D:2      | Reached XP level 3. HP: 19/19 MP: 7/10
  1206 | D:2      | Found a blossoming altar of Fedhas.
  1332 | D:2      | Learned a level 3 spell: Dazzling Spray
  1972 | D:2      | Reached XP level 4. HP: 21/24 MP: 9/12
  1974 | D:2      | Noticed Robin
  1980 | D:2      | Killed Robin
  2252 | D:2      | Reached skill level 6 in Conjurations
  2543 | D:2      | Found a deep blue altar of Sif Muna.
  3084 | D:3      | Found a faded altar of an unknown god.
  3315 | D:3      | Reached XP level 5. HP: 28/28 MP: 13/13
  3322 | D:3      | Learned a level 5 spell: Iskenderun's Battlesphere
  3326 | D:3      | Reached skill level 1 in Charms
  3344 | D:3      | Found an iron altar of Okawaru.
  3432 | D:3      | Noticed miragecloak's ghost (amateur HOFi)
  3491 | D:3      | Found a faded altar of an unknown god.
  3491 | D:3      | Found a faded altar of an unknown god.
  3497 | D:3      | Found a faded altar of an unknown god.
  3499 | D:3      | Found a faded altar of an unknown god.
  3502 | D:3      | Found a glowing golden altar of the Shining One.
  3559 | D:3      | Slain by miragecloak's ghost

Skill      XL: |  1  2  3  4  5 |
---------------+----------------+-----
Conjurations   | 5 6 |  6.4
Spellcasting   | 4 |  4.4
Charms         | 1 |  1.3
Dodging        | |  2.4
Stealth        | |  2.4

Action                   |  1- 3 |  4- 6 || total
-------------------------+-------+-------++-------
Melee: Dagger            |     3 |       ||     3
 Cast: Magic Dart        |    83 |    67 ||   150
       Searing Ray       |     1 |     6 ||     7
  Eat: Chunk             |     2 |     1 ||     3
       Bread ration      |     1 |       ||     1
Armor: Robe              |     2 |     1 ||     3
Dodge: Dodged            |     2 |     1 ||     3
